Map: Prion Terraces

Players

capac - Winner!

  • Race: Terran Terran
  • League: Gold

A.I. 1 (Harder)

  • Race: Protoss Protoss

VOD

Have the link to the VOD?

Description

Time

  • Played on: Feb. 19, 2016, 12:32 p.m.
  • Length: 14:39
Show
View Real Time Build Order
Export as new Build Order

capac Terran - Winner!

Build Orders: MMM Bio 

Get SALT Encoding   

  12  0:01  SCV  
  13  0:13  SCV  
  14  0:23  Supply Depot  
  14  0:25  SCV  
  15  0:41  Refinery  
  15  0:45  SCV  
  15  0:48  Barracks  
  16  0:57  SCV  
  17  1:09  SCV  
  18  1:21  SCV  
  19  1:40  Barracks Reactor  
  19  1:43  Command Center  
  19  1:47  Supply Depot  
  19  1:48  SCV  
  20  2:04  SCV  
  21  2:16  Bunker  
  21  2:18  Marine x2  
  21  2:22  Orbital Command  
  23  2:29  Factory  
  23  2:37  Marine x2  
  25  2:50  SCV  
  26  2:52  Barracks  
  26  2:55  Marine x2  
  28  3:05  SCV  
  28  3:06  SCV  
  30  3:13  Marine x2  
  30  3:19  Refinery  
  32  3:21  SCV x2  
  34  3:29  Factory Reactor  
  34  3:30  Marine  
  34  3:31  Marine  
  34  3:33  SCV  
  34  3:34  Starport  
  37  3:42  SCV  
  38  3:48  Marine x2  
  38  3:49  Barracks Tech Lab  
  40  3:57  Orbital Command  
  40  3:59  SCV  
  40  4:00  Barracks  
  41  4:06  Marine x2  
  43  4:15  SCV  
  43  4:16  Supply Depot  
  44  4:22  Stimpack  
  44  4:24  Marine x2  
  46  4:35  Marine, SCV x2, Medivac x2  
  53  4:40  Factory Tech Lab  
  53  4:44  Engineering Bay  
  53  4:46  Engineering Bay  
  53  4:49  Marine  
  54  4:55  SCV x2  
  56  5:00  Refinery  
  56  5:02  Siege Tank  
  56  5:04  Marine x2  
  61  5:10  Refinery  
  61  5:17  SCV  
  62  5:30  Supply Depot  
  62  5:34  Marine x2  
  64  5:38  SCV x2  
  64  5:42  Terran Infantry Weapons Level 1, Terran Infantry Armor Level 1  
  66  5:47  Supply Depot  
  66  5:50  SCV x2  
  66  5:52  Siege Tank  
  53  6:47  Marine x4  
  45  7:04  Medivac  
  45  7:05  Marine x4  
  45  7:21  Siege Tank  
  47  7:22  Marine  
  47  7:23  Marine  
  45  7:30  Marine, Liberator  
  45  7:31  Marine  
  46  7:40  Marine  
  46  7:41  Marine  
  46  7:48  Marine  
  42  8:10  Marine x4  
  46  8:15  Liberator  
  46  8:17  Liberator  
  46  8:18  Bunker  
  43  8:24  Siege Tank  
  46  8:27  Marine  
  46  8:28  Marine x2, Combat Shields  
  52  8:35  Marine  
  52  8:40  Armory  
  56  8:41  Supply Depot  
  56  8:45  Marine  
  56  8:46  SCV x2  
  59  8:55  Marine x2  
  59  8:56  Marine  
  62  9:03  Marine  
  62  9:07  Barracks  
  63  9:12  Supply Depot  
  63  9:13  Supply Depot, Marine  
  64  9:18  SCV x2  
  66  9:28  Marine x2  
  66  9:29  Command Center  
  66  9:30  SCV x2  
  66  9:31  Marine  
  72  9:40  Supply Depot  
  72  9:44  Barracks Reactor  
  71  9:46  Marine x2  
  71  9:51  Marine  
  74  9:53  Siege Tank  
  74  9:54  Medivac x2  
  74  9:56  Barracks  
  81  10:04  Marine  
  81  10:07  Marine  
  82  10:09  Marine  
  82  10:11  Barracks Reactor  
  84  10:17  Supply Depot  
  84  10:18  Terran Infantry Weapons Level 2  
  84  10:22  Terran Infantry Armor Level 2, Marine  
  84  10:24  Marine  
  86  10:55  Medivac x2  
  86  10:56  Marine x6  
  94  10:58  Barracks Reactor  
  94  11:24  SCV  
  94  11:25  SCV  
  96  11:30  Medivac x2  
  100  11:33  Siege Tank  
  100  11:36  SCV  
  100  11:37  SCV  
  105  11:42  Orbital Command  
  105  11:44  Marine x2  
  105  11:45  Marine x3  
  110  11:53  SCV x2  
  112  11:57  Missile Turret  
  112  11:58  Missile Turret  
  112  12:05  SCV  
  112  12:06  Marine x4  
  117  12:11  Medivac  
  119  12:27  Marine x6  
  119  12:28  Marine  
  126  12:32  Siege Tank  
  126  13:12  Marine x6  
  130  13:13  Marine x3  
  130  13:15  Siege Tank, Medivac  
  140  13:29  Marine  
  141  13:35  Supply Depot  
  141  13:55  SCV  
  141  13:56  Marine x5, SCV, Medivac  
Show
View Real Time Build Order
Export as new Build Order

A.I. 1 (Harder) Protoss 

Build Orders:  

Get SALT Encoding   

  12  0:01  Probe (Chrono Boost)  
  13  0:11  Probe (Chrono Boost)  
  14  0:20  Pylon  
  14  0:22  Probe (Chrono Boost)  
  15  0:38  Probe (Chrono Boost)  
  16  0:47  Assimilator  
  16  0:49  Probe (Chrono Boost)  
  17  0:51  Gateway  
  17  0:59  Probe (Chrono Boost)  
  17  1:00  Pylon  
  18  1:10  Probe (Chrono Boost)  
  19  1:22  Probe (Chrono Boost)  
  20  1:36  Zealot  
  20  1:42  Cybernetics Core  
  20  1:44  Gateway  
  20  1:45  Assimilator  
  22  2:00  Pylon  
  22  2:16  Stalker  
  22  2:21  Warp Gate  
  24  2:29  Adept  
  26  2:42  Pylon  
  26  2:45  Zealot  
  28  2:54  Stalker  
  30  3:10  Stalker  
  32  3:23  Stalker  
  34  3:29  Pylon  
  34  3:38  Stalker  
  34  3:39  Probe (Chrono Boost)  
  37  3:51  Probe (Chrono Boost)  
  37  3:53  Stalker  
  40  3:58  Forge  
  41  4:03  Probe (Chrono Boost)  
  41  4:07  Adept  
  43  4:15  Probe (Chrono Boost)  
  44  4:17  Pylon  
  44  4:26  Probe (Chrono Boost)  
  44  4:31  Zealot  
  47  4:38  Probe (Chrono Boost)  
  48  4:41  Stalker  
  50  5:48  Protoss Ground Weapons Level 1  
  50  5:53  Sentry  
  50  5:56  Gateway  
  52  5:59  Robotics Facility  
  52  6:01  Stalker  
  52  6:02  Twilight Council  
  52  6:03  Photon Cannon  
  54  6:05  Photon Cannon  
  54  6:06  Nexus, Pylon  
  53  6:15  Stalker  
  49  6:23  Sentry  
  47  6:33  Blink  
  47  6:36  Probe (Chrono Boost)  
  32  6:47  Pylon  
  29  7:01  Probe (Chrono Boost)  
  29  7:11  Sentry  
  29  7:12  Probe (Chrono Boost)  
  28  7:17  Pylon  
  28  7:20  Probe (Chrono Boost)  
  30  7:24  Probe (Chrono Boost)  
  28  7:31  Probe (Chrono Boost)  
  28  7:35  Probe (Chrono Boost)  
  30  7:43  Probe (Chrono Boost)  
  31  7:46  Probe (Chrono Boost)  
  32  7:57  Probe (Chrono Boost)  
  32  7:58  Probe (Chrono Boost)  
  30  8:04  Pylon  
  26  8:08  Probe (Chrono Boost), Stalker  
  29  8:16  Stalker  
  29  8:19  Probe (Chrono Boost)  
  32  8:23  Probe (Chrono Boost)  
  33  8:29  Zealot  
  33  8:30  Probe (Chrono Boost)  
  36  8:37  Stalker  
  38  8:45  Stalker  
  40  8:51  Probe (Chrono Boost)  
  40  8:52  Sentry, Protoss Ground Armor Level 1  
  40  8:53  Probe (Chrono Boost)  
  44  9:00  Adept  
  47  9:03  Probe (Chrono Boost)  
  47  9:05  Probe (Chrono Boost)  
  47  9:08  Zealot  
  50  9:15  Probe (Chrono Boost)  
  50  9:16  Zealot  
  54  9:17  Probe (Chrono Boost)  
  54  9:24  Stalker  
  54  9:27  Probe (Chrono Boost)  
  54  9:29  Probe (Chrono Boost)  
  58  9:32  Stalker  
  61  9:39  Probe (Chrono Boost)  
  61  9:40  Probe (Chrono Boost), Stalker  
  64  9:47  Stalker  
  66  9:53  Observer  
  66  9:55  Stalker  
  69  10:00  Pylon  
  69  10:03  Sentry, Pylon  
  71  10:10  Adept  
  71  10:13  Observer  
  73  10:14  Gateway  
  73  10:20  Nexus  
  74  10:28  Dark Shrine  
  56  10:43  Robotics Facility  
  56  10:51  Assimilator  
  56  10:56  Stargate  
  56  10:57  Assimilator  
  56  11:07  Gateway  
  56  11:13  Warp Prism  
  58  11:26  Templar Archives  
  58  11:27  Warp Prism  
  60  11:39  Assimilator  
  60  11:40  Assimilator  
  60  11:41  Dark Templar  
  62  11:47  Warp Prism  
  64  11:56  Zealot  
  64  11:58  Stargate  
  66  12:03  High Templar  
  66  12:07  Immortal  
  68  12:14  Nexus  
  72  12:18  Dark Templar  
  72  12:21  Observer  
  74  12:27  Sentry  
  77  12:36  High Templar  
  79  12:49  Stargate  
  79  12:50  Zealot  
  77  12:57  Zealot x2, Stalker  
  65  13:05  Stalker  
  62  13:08  Zealot  
  48  13:16  Stalker x2  
  48  13:18  Zealot  
  48  13:23  Stalker, Mothership Core (Chrono Boost)  
  28  13:30  Dark Templar  
  27  13:50  Stalker  
  28  14:02  Probe (Chrono Boost)  
  10  14:14  Probe (Chrono Boost)  
Tags
 
Composition
MMM Bio
League
Gold
Matchup
PvT
Add a new tag
Caveats
  • Supply blocks, unpowered buildings, or Contaminate may cause inaccurate times.
  • Supply counts are checked every 10 seconds.